 Dungeon Crawl Stone Soup version 0.18.1-8-gdd0e5ea (webtiles) character file.

5550 GordonOverkill the Carver (level 11, -4/90 HPs)
             Began as a Formicid Abyssal Knight on May 30, 2016.
             Was the Champion of Lugonu.
             Slain by a purple ugly thing (16 damage)
             ... on level 10 of the Dungeon.
             The game lasted 00:36:25 (13190 turns).

GordonOverkill the Carver (FoAK)                   Turns: 13190, Time: 00:36:26

Health: -4/90      AC:  7    Str: 20    XL:     11   Next: 2%
Magic:  12/12      EV:  5    Int: 12    God:    Lugonu [******]
Gold:   468        SH:  0    Dex: 12    Spells: 0 memorised, 10 levels left

rFire  + . .     SeeInvis +     y - +0 great sword
rCold  . . .     Gourm    .     s - +0 scale mail
rNeg   . . .     Faith    +     (no shield)
rPois  .         Spirit   .     (helmet unavailable)
rElec  .         Dismiss  .     A - +0 cloak
rCorr  .         Reflect  .     (no gloves)
SustAt .         Harm     .     (no boots)
MR     +....                    r - amulet of faith
Stlth  ..........               u - ring of protection from fire
                                D - +3 ring of slaying

@: very slightly contaminated, somewhat resistant to hostile enchantments,
extremely unstealthy
A: permanent stasis, dig shafts and tunnels, four strong arms, antennae 3, agile
1
a: Dig, Shaft Self, Depart the Abyss, Bend Space, Banish, Corrupt, Enter the
Abyss, Brand Weapon With Distortion, Renounce Religion


You were on level 10 of the Dungeon.
You worshipped Lugonu.
Lugonu was exalted by your worship.
You were very hungry.

You visited 1 branch of the dungeon, and saw 10 of its levels.
You visited the Abyss 1 time.

You collected 563 gold pieces.
You spent 95 gold pieces at shops.

Inventory:

Hand Weapons
 y - a +0 great sword (weapon)
Armour
 l - a +1 shield
 s - a +0 scale mail (worn)
 A - a +0 cloak (worn)
Jewellery
 r - an amulet of faith (around neck)
 u - a ring of protection from fire (right hand)
 C - an uncursed amulet of regeneration {unknown}
 D - a +3 ring of slaying (left hand)
Wands
 f - a wand of lightning (5/15)
 q - a wand of flame (27/48)
 t - a wand of acid (3/15)
 E - a wand of iceblast (6/15)
Scrolls
 d - a scroll of fear
 e - a scroll of fog
 g - a scroll of enchant armour
 h - 4 scrolls of recharging
 n - a scroll of amnesia
 v - 4 scrolls of remove curse
 F - a scroll of magic mapping
 G - a scroll of acquirement {unknown}
Potions
 a - 2 potions of might
 b - 3 potions of curing
 k - 2 potions of cancellation
 o - 3 potions of flight
 w - a potion of brilliance
 z - 2 potions of agility
 B - a potion of magic {unknown}
Comestibles
 c - 9 bread rations
 i - 4 fruits
 j - 11 slices of pizza
 p - 2 beef jerkies
 x - 4 meat rations
 H - 5 chunks of flesh


   Skills:
 + Level 9.9 Fighting
 + Level 12.9 Long Blades
 - Level 2.1 Armour
 - Level 0.8 Dodging
 - Level 2.1 Invocations


You had 10 spell levels left.
You didn't know any spells.

Dungeon Overview and Level Annotations

Branches:
Dungeon (10/15)            Temple (0/1) D:4            Lair (0/8) D:9
    Orc: D:9-12

Altars:
Ashenzari
Cheibriados
Dithmenos
Elyvilon
Fedhas
Nemelex Xobeh
Okawaru
Pakellas
Ru
Sif Muna
Trog
Vehumet
Xom
The Shining One

Shops:
D:6 [   D:7 *


Innate Abilities, Weirdness & Mutations

You are under a permanent stasis effect.
You can dig through walls and to a lower floor.
Your four strong arms can wield two-handed weapons with a shield.
You have a pair of large antennae on your head (SInv).
You are agile. (Dex +2)


Message History

The brown ugly thing is lightly wounded.
The yak gores you!
* * * LOW HITPOINT WARNING * * *
The brown ugly thing basks in your mutagenic energy and changes!
Unknown command.
You extend your mandibles.
You dig through the rock wall.
You retract your mandibles.
Drink which item? (? for menu, Esc to quit)
Okay, then.
You are feeling very hungry.
You flicker for a moment.
You flicker back into view.
The yak gores you.
* * * LOW HITPOINT WARNING * * *
The purple ugly thing tail-slaps you!
* * * LOW HITPOINT WARNING * * *
There is a stone staircase leading up here.
The purple ugly thing tail-slaps you!
You die...

.#..## #.........>...##..#.#
#...# #.........#.........# ..#.#
#.........####.##.#### .#..#
#..(......# #.##..... #...#
#........o# #.#######
..#.########.[.......####......##
.#.........................#.#.#.
#....################o####.#.....
..#..# #@# #.# #.###.#. .#...#
#u# #.# #.....#. #....# #.####.#
#####.#. ..#.## #.Y{.o.# #.##
....# ######## ###.# #### #<..#
#####


You could see a purple ugly thing and a yak.

Vanquished Creatures
  An elephant (D:9)
  Sigmund (D:2)
  A wyvern (D:10)
  A human (D:7)
  5 yaks
  An orc warrior (D:9)
  7 ice beasts
  3 sky beasts
  A wasp (D:7)
  A phantom (D:9)
  4 ogres
  A centaur (D:8)
  2 crocodiles
  A big kobold (D:8)
  7 giant frogs
  2 scorpions
  4 killer bees (D:10)
  6 wights
  The ghost of rjames93 the Magician, a weakling DsWz (D:4)
  A giant frog zombie (D:7)
  4 crimson imps
  3 orc priests
  2 hounds
  6 orc wizards
  An iguana (D:5)
  3 worker ants
  5 sheep
  A killer bee zombie (D:9)
  A worker ant zombie (D:6)
  Robin (D:2)
  7 gnolls (D:2)
  14 adders
  2 shadow imps
  2 oozes
  3 adder skeletons
  4 worms
  2 dart slugs
  12 giant geckos
  35 orcs
  10 giant cockroaches
  19 goblins
  13 hobgoblins
  9 jackals
  A quokka (D:8)
  2 ball pythons (D:2)
  16 bats
  5 giant newts
  A jackal skeleton (D:6)
  20 kobolds
  2 quokka skeletons
  A quokka zombie (D:9)
  11 rats
269 creatures vanquished.

Notes
Turn   | Place    | Note
--------------------------------------------------------------
     0 | Abyss:1  | GordonOverkill the Formicid Abyssal Knight began the quest for the Orb.
     0 | Abyss:1  | Reached XP level 1. HP: 18/18 MP: 2/2
    24 | Abyss:1  | Noticed a small abomination
    24 | Abyss:1  | Noticed a wretched star
    27 | D:1      | Escaped the Abyss
    90 | D:1      | Reached * piety under Lugonu
   178 | D:1      | Reached XP level 2. HP: 24/24 MP: 3/3
   399 | D:1      | Reached skill level 3 in Long Blades
   668 | D:1      | Reached XP level 3. HP: 27/29 MP: 4/4
  1191 | D:1      | Reached ** piety under Lugonu
  1317 | D:2      | Reached skill level 4 in Long Blades
  1317 | D:2      | Reached XP level 4. HP: 28/35 MP: 5/5
  1806 | D:2      | Reached XP level 5. HP: 41/41 MP: 6/6
  1891 | D:2      | Reached skill level 5 in Long Blades
  2313 | D:2      | Noticed Sigmund
  2331 | D:2      | Killed Sigmund
  2331 | D:2      | Reached *** piety under Lugonu
  2331 | D:2      | Reached skill level 6 in Long Blades
  2331 | D:2      | Reached XP level 6. HP: 17/47 MP: 7/7
  2914 | D:2      | Noticed Robin
  2952 | D:2      | Killed Robin
  3187 | D:2      | Reached XP level 7. HP: 27/52 MP: 8/8
  3494 | D:3      | Reached skill level 7 in Long Blades
  3702 | D:3      | Reached **** piety under Lugonu
  5233 | D:3      | Found a white marble altar of Elyvilon.
  5234 | D:3      | Found a radiant altar of Vehumet.
  5234 | D:3      | Found a sacrificial altar of Ru.
  5234 | D:3      | Found a shadowy altar of Dithmenos.
  5234 | D:3      | Found a snail-covered altar of Cheibriados.
  5235 | D:3      | Found an oddly glowing altar of Pakellas.
  5236 | D:3      | Found a glowing golden altar of the Shining One.
  5237 | D:3      | Found a shimmering altar of Xom.
  5641 | D:4      | Found a shimmering altar of Xom.
  5658 | D:4      | Noticed rjames93's ghost (weakling DsWz)
  5697 | D:3      | Reached skill level 8 in Long Blades
  5923 | D:4      | Killed rjames93's ghost
  5933 | D:4      | Reached XP level 8. HP: 30/58 MP: 9/9
  6222 | D:4      | Found a bloodstained altar of Trog.
  6417 | D:4      | Found a staircase to the Ecumenical Temple.
  6686 | D:4      | Reached skill level 9 in Long Blades
  6993 | D:5      | Entered Level 5 of the Dungeon
  7162 | D:5      | Reached ***** piety under Lugonu
  7955 | D:6      | Gained mutation: You are agile. (Dex +2) [potion of beneficial mutation]
  8013 | D:6      | Found an iron altar of Okawaru.
  8156 | D:6      | Reached skill level 10 in Long Blades
  8334 | D:6      | Found Qyefann's Armour Emporium.
  8896 | D:7      | Reached XP level 9. HP: 35/65 MP: 10/10
  9091 | D:7      | Found Cauxadag's Assorted Antiques.
  9102 | D:7      | Bought a clear potion for 29 gold pieces
  9102 | D:7      | Bought a scroll labeled CUFEATA HIUZOO for 33 gold pieces
  9102 | D:7      | Bought a scroll labeled CUFEATA HIUZOO for 33 gold pieces
  9274 | D:7      | Found a blossoming altar of Fedhas.
  9294 | D:7      | HP: 3/67 [ice beast (9)]
  9296 | D:7      | Reached skill level 5 in Fighting
  9740 | D:7      | Reached skill level 11 in Long Blades
 10501 | D:8      | Reached XP level 10. HP: 52/79 MP: 11/11
 11103 | D:8      | Found a deep blue altar of Sif Muna.
 11407 | D:9      | Found a sparkling altar of Nemelex Xobeh.
 11501 | D:9      | Reached skill level 12 in Long Blades
 11590 | D:9      | Found a staircase to the Lair.
 11599 | D:9      | Noticed an elephant
 11616 | D:9      | Killed an elephant
 11632 | D:9      | Reached ****** piety under Lugonu
 12333 | D:9      | Found a shattered altar of Ashenzari.
 12508 | D:10     | Entered Level 10 of the Dungeon
 13115 | D:10     | Reached XP level 11. HP: 49/90 MP: 12/12
 13129 | D:10     | Noticed a brown ugly thing
 13190 | D:10     | Slain by a purple ugly thing

Skill      XL: |  1  2  3  4  5  6  7  8  9 10 |
---------------+-------------------------------+-----
Long Blades    | 3 4 6 8 10 11 12 | 12.9
Fighting       | 4 7 9 |  9.9
Armour         | |  2.1
Dodging        | |  0.8
Invocations    | |  2.1

Action                   |  1- 3 |  4- 6 |  7- 9 | 10-12 || total
-------------------------+-------+-------+-------+-------++-------
Melee: Falchion          |    94 |   152 |   377 |       ||   623
       Great sword       |       |       |   177 |   177 ||   354
Invok: Depart the Abyss  |     1 |       |       |       ||     1
 Abil: Dig               |     4 |     6 |    12 |     4 ||    26
Evoke: Wand              |       |       |     6 |     3 ||     9
  Use: Potion            |       |       |     9 |     4 ||    13
       Scroll            |       |       |    25 |       ||    25
 Stab: Invisible         |       |       |       |     3 ||     3
  Eat: Chunk             |     2 |     7 |    20 |     8 ||    37
       Bread ration      |       |       |     1 |       ||     1
Armor: Leather armour    |    27 |       |       |       ||    27
       Ring mail         |     9 |    47 |     7 |       ||    63
       Scale mail        |       |       |   197 |    70 ||   267
Dodge: Dodged            |    65 |    71 |   213 |    85 ||   434
